 Dungeon Crawl Stone Soup version 0.28.0-53-g5a82cb258f (webtiles) character file.

Game seed: 9191668068147415382

101 jjjjhere the Ruffian (level 4, -1/34 HPs)
             Began as a Ghoul Enchanter on Sept 1, 2022.
             Was a Follower of Fedhas.
             Slain by an orc
             ... wielding a +0 trident
              (5 damage)
             ... on level 2 of the Dungeon.
             The game lasted 00:02:12 (1689 turns).

jjjjhere the Ruffian (Ghoul Enchanter)              Turns: 1689, Time: 00:02:13

Health: -1/34      AC:  6    Str: 13    XL:     4   Next: 75%
Magic:  0/5        EV: 10    Int: 10    God:    Fedhas [*.....]
Gold:   22         SH:  0    Dex:  9    Spells: 6/6 levels left

rFire   . . .      SeeInvis .     - Unarmed
rCold   + . .      Faith    .   (no shield)
rNeg    + + +      Spirit   +   f - +0 ring mail
rPois   ∞          Reflect  .   (no helmet)
rElec   .          Harm     .   (no cloak)
rCorr   .          Rampage  .   (no gloves)
Will    .....                   k - +0 pair of boots
Stlth   +.........              i - amulet of guardian spirit
HPRegen 0.00/turn               (no ring)
MPRegen 0.09/turn               (no ring)

@: inhibited regen
A: claws 1, cold resistance 1, negative energy resistance 3, inhibited
regeneration, torment resistance 2
a: Renounce Religion


You were on level 2 of the Dungeon.
You worshipped Fedhas.
Fedhas was aware of your devotion.
You visited 1 branch of the dungeon, and saw 2 of its levels.

You collected 22 gold pieces.

Inventory:

Hand Weapons
 a - a +1 dagger
Missiles
 h - 5 datura-tipped darts (quivered)
 l - 2 javelins
Armour
 b - a +0 robe
 f - a +0 ring mail (worn)
 k - a +0 pair of boots (worn)
Jewellery
 i - an amulet of guardian spirit (around neck)
Scrolls
 e - a scroll of amnesia {unknown}
 g - a scroll of torment {unknown}
 n - a scroll of teleportation {unknown}
Potions
 c - a potion of invisibility
 d - a potion of berserk rage {unknown}
 j - a potion of heal wounds {unknown}
 m - a potion of attraction {unknown}


   Skills:
 + Level 0.9 Fighting
 - Level 0.8 Short Blades
 - Level 1.7 Dodging
 - Level 3.2 Stealth
 * Level 4.2 Unarmed Combat
 - Level 1.7 Spellcasting
 - Level 2.4 Hexes
 + Level 0.9 Invocations


You had 6 spell levels left.
You didn't know any spells.
Your spell library contained the following spells:

 Spells                   Type           Power      Damage    Failure   Level
 Ensorcelled Hibernation  Hex/Ice        6%         N/A       54%         2
 Sandblast                Erth           0%         2d4       56%         1
 Confusing Touch          Hex            5%         N/A       61%         3
 Tukima's Dance           Hex            5%         N/A       61%         3
 Passwall                 Tmut/Erth      0%         N/A       71%         2
 Dazzling Flash           Conj/Hex       6%         N/A       78%         3
 Stone Arrow              Conj/Erth      0%         3d7       91%         3


Dungeon Overview and Level Annotations

Branches:
Dungeon (2/15)

Altars:
Fedhas


Innate Abilities, Weirdness & Mutations

You thrive by killing the living.
You are immune to poison.
You have sharp fingernails.
Your flesh is cold resistant. (rC+)
You are immune to negative energy. (rN+++)
You do not regenerate when monsters are visible.
You are immune to unholy pain and torment.


Message History

Fedhas appreciates your contribution to the ecosystem.
You feel better. The orc hits you but does no damage.
You scratch the orc.
The orc is moderately wounded.
The orc barely misses you. x2
You scratch the orc.
The orc is heavily wounded.
The orc hits you with a +0 club.
You scratch the orc but do no damage.
The orc is heavily wounded.
The orc hits you but does no damage. The orc barely misses you.
You scratch the orc.
The orc is heavily wounded.
You scratch the orc.
The orc is severely wounded.
The orc hits you with a +0 club.
You claw the orc!
You kill the orc!
Fedhas appreciates your contribution to the ecosystem.
You barely miss the kobold. The kobold barely misses you.
You claw the kobold!
You kill the kobold!
Fedhas appreciates your contribution to the ecosystem.
The orc hits you from afar with a +0 trident.
The orc hits you with a +0 trident.
* * * LOW HITPOINT WARNING * * *
Items here: )) [ ††.
You barely miss the orc. The orc barely misses you.
You scratch the orc.
The orc is lightly wounded.
The orc closely misses you.
You scratch the orc.
The orc is heavily wounded.
The orc hits you with a +0 trident.
* * * LOW HITPOINT WARNING * * *
You scratch the orc.
The orc is severely wounded.
The orc hits you with a +0 trident.
You die...
Fedhas appreciates your contribution to the ecosystem.

####################
#...............@o.#
#.################.#
#.# #)# #.# ... #.#
..o.. #.# #######
#.# #.# #.# #.# #.#
#.# #.###


You could see an orc.

Vanquished Creatures
  Terence (D:2)
  An orc wizard (D:2)
  An adder (D:2)
  A dart slug (D:1)
  An orc (D:2)
  An endoplasm (D:1)
  A giant cockroach (D:2)
  3 goblins
  3 hobgoblins
  6 jackals
  A kobold (D:2)
  2 quokkas
  4 ball pythons (D:1)
  3 bats (D:1)
  6 frilled lizards
  4 rats (D:1)
39 creatures vanquished.

Notes
Turn   | Place    | Note
-------+----------+-------------------------------------------
     0 | D:1      | jjjjhere the Ghoul Enchanter began the quest for the Orb.
     0 | D:1      | Reached XP level 1. HP: 14/14 MP: 2/2
   188 | D:1      | Reached skill level 1 in Unarmed Combat
   320 | D:1      | Reached XP level 2. HP: 20/20 MP: 3/3
   384 | D:1      | Reached skill level 2 in Unarmed Combat
   638 | D:1      | HP: 6/20 [jackal (2)]
   640 | D:1      | Reached XP level 3. HP: 7/26 MP: 0/4
   643 | D:1      | HP: 6/26 [jackal (1)]
   864 | D:1      | Found a faded altar of an unknown god.
  1099 | D:1      | Prayed at the altar of an unknown god.
  1099 | D:1      | Became a worshipper of Fedhas Madash
  1099 | D:1      | Reached * piety under Fedhas
  1245 | D:2      | Noticed Terence
  1255 | D:2      | HP: 6/26 [Terence/+0 short sword (5)]
  1259 | D:2      | Killed Terence
  1260 | D:2      | Reached skill level 3 in Unarmed Combat
  1528 | D:2      | Reached XP level 4. HP: 27/33 MP: 2/5
  1667 | D:2      | Reached skill level 4 in Unarmed Combat
  1685 | D:2      | HP: 9/34 [orc/+0 trident (5)]
  1688 | D:2      | HP: 4/34 [orc/+0 trident (5)]
  1689 | D:2      | Slain by an orc

Illustrated notes

Levels and vault maps discovered:
D:1:      kennysheep_arrival_forest, layout_basic, ebering_ecumenical_altar_hall
D:2:      layout_loops_ring, uniq_terence

Skill      XL: |  1  2  3  4 |
---------------+-------------+-----
Unarmed Combat | 1 2 3 4 |  4.2
Fighting       | |  0.9
Short Blades   | |  0.8
Dodging        | |  1.7
Stealth        | |  3.2
Spellcasting   | |  1.7
Hexes          | |  2.4
Invocations    | |  0.9

Action                   |  1- 3 |  4- 6 || total
-------------------------+-------+-------++-------
Melee: Dagger            |    19 |       ||    19
       Unarmed           |   100 |    37 ||   137
Throw: Javelin           |     9 |       ||     9
Armor: Ring mail         |    59 |    11 ||    70
       Robe              |     1 |       ||     1
Dodge: Dodged            |    59 |    14 ||    73
